 Dungeon Crawl Stone Soup version 0.27-a0-421-g7ddf969dea (webtiles) character file.

Game seed: 16077568178322773319

21 Anon1729 the Skirmisher (level 2, -4/27 HPs)
             Began as a Hill Orc Fighter on Feb 26, 2021.
             Slain by a worm (6 damage)
             ... on level 1 of the Dungeon.
             The game lasted 00:00:50 (837 turns).

Anon1729 the Skirmisher (Hill Orc Fighter)           Turns: 837, Time: 00:00:50

Health: -4/27      AC:  8    Str: 18    XL:     2   Next: 83%
Magic:  2/2        EV:  7    Int:  8    God:
Gold:   93         SH:  9    Dex: 10    Spells: 1/1 levels left

rFire    . . .     SeeInvis .   a - +0 war axe
rCold    . . .     Faith    .   c - +0 kite shield
rNeg     . . .     Spirit   .   b - +0 scale mail
rPois    .         Reflect  .   o - +0 helmet
rElec    .         Harm     .   (no cloak)
rCorr    .         Rampage  .   (no gloves)
Will     .....                  (no boots)
Stlth    ..........             (no amulet)
HPRegen  0.09/turn              (no ring)
MPRegen  0.08/turn              (no ring)

@: no status effects
A: no striking features
a: no special abilities


You were on level 1 of the Dungeon.
You visited 1 branch of the dungeon, and saw 2 of its levels.

You collected 93 gold pieces.

Inventory:

Hand Weapons
 a - a +0 war axe (weapon)
Armour
 b - a +0 scale mail (worn)
 c - a +0 kite shield (worn)
 o - a +0 helmet (worn)
Jewellery
 f - a +4 ring of slaying
Scrolls
 e - 2 scrolls of teleportation {unknown}
 n - a scroll of identify {unknown}
Potions
 d - a potion of might
 g - a potion of mutation {unknown}
 h - a potion of attraction {unknown}
 i - 2 potions of heal wounds {unknown}
 j - a potion of lignification {unknown}
 k - a potion of flight {unknown}
 l - a potion of ambrosia {unknown}
 m - a potion of degeneration {unknown}


   Skills:
 + Level 4.0 Fighting
 + Level 3.5 Axes
 + Level 3.4 Armour
 + Level 3.5 Shields


You had one spell level left.
You didn't know any spells.
Your spell library was empty.

Dungeon Overview and Level Annotations

Branches:
Dungeon (2/15)

Altars:


Message History

You are too injured to fight recklessly!
You are too injured to fight recklessly!
You are too injured to fight recklessly!
You are too injured to fight recklessly!
You are too injured to fight recklessly!
There are monsters nearby!
Unknown command.
You hit the worm.
The worm is almost dead.
You completely miss the worm. You closely miss the rat.
The rat closely misses you. You block the worm's attack.
The worm bites you but does no damage.
You hit the worm but do no damage.
The worm is almost dead.
You hit the rat but do no damage. You hit the worm. You block the rat's attack.
The worm bites you!
* * * LOW HITPOINT WARNING * * *
You block the worm's attack. You block the rat's attack.
Unknown command.
You hit the worm.
You kill the worm!
You closely miss the rat. You barely miss the worm. The rat misses you.
You block the worm's attack. The rat bites you but does no damage.
Unknown command.
There is a stone staircase leading up here.
You hit the rat but do no damage. The rat closely misses you.
You block the rat's attack. The worm bites you but does no damage.
You climb upwards.
There is a stone staircase leading down here.
You slash the rat!
You kill the rat!
You start resting.
A worm is nearby!
The worm barely misses you.
You completely miss the worm. The worm bites you!
* * * LOW HITPOINT WARNING * * *
You hit the worm.
The worm is moderately wounded.
The worm bites you.
You die...

############ #########.......@w.#
######
#...........######.#########.....
#.#########.# #[......w..#.....
#.# #.# #.^#######.#..... #.#
#######.# #..# #.#..... #.#
#.......# #..#######w#..... #.#
#.####..# #................ #.#
#.# #..# #.#####........#. ..#
#.# #..# #.# #.........#.


You could see a worm.

Vanquished Creatures
  A worm (D:2)
  2 dart slugs (D:1)
  3 goblins (D:1)
  A hobgoblin (D:1)
  3 bats (D:1)
  3 kobolds (D:1)
  3 rats (D:1)
16 creatures vanquished.

Notes
Turn   | Place    | Note
-------+----------+-------------------------------------------
     0 | D:1      | Anon1729 the Hill Orc Fighter began the quest for the Orb.
     0 | D:1      | Reached XP level 1. HP: 19/19 MP: 1/1
   161 | D:1      | Reached XP level 2. HP: 22/27 MP: 2/2
   362 | D:1      | Reached skill level 4 in Fighting
   836 | D:1      | HP: 1/27 [worm (8)]
   837 | D:1      | Slain by a worm

Illustrated notes

Levels and vault maps discovered:
D:1:      eino_arrival_druids_welcome, layout_loops_ring, minmay_door_square,
          hangedman_decor_clover_reticule
D:2:      layout_rooms, uniq_terence

Skill      XL: |  1  2 |
---------------+-------+-----
Fighting       | 4 |  4.0
Axes           | 3 |  3.5
Armour         | |  3.4
Shields        | |  3.5

Action                   || total
-------------------------++-------
Melee: War axe           ||    58
Armor: Scale mail        ||    21
Dodge: Dodged            ||    18
Block: Kite shield       ||    33

Table legend: (Time is in decaauts)
 A = Elapsed time spent in this place.
 B = Non-inter-level travel time spent in this place.
 C = Inter-level travel time spent in this place.
 D = Time resting spent in this place.
 E = Time spent auto-exploring this place.
 F = Levels seen in this place.
 G = Mean time per level.
                   A        B        C        D        E       F      G
               +--------+--------+--------+--------+--------+-----+--------+
         Total |    870 |    857 |     13 |      4 |    660 |   2 |  435.0 |
       Dungeon |    870 |    857 |     13 |      4 |    660 |   2 |  435.0 |
               +--------+--------+--------+--------+--------+-----+--------+

Top non-repeatable levels by time:
     D:1: 846 daAuts
     D:2: 24 daAuts
